 Dungeon Crawl Stone Soup version 0.28.0-53-g5a82cb258f (webtiles) character file.

Game seed: 2505357418917529873

256 kudzoo the Chucker (level 5, -16/50 HPs)
             Began as a Troll Hunter on July 31, 2022.
             Killed from afar by Ijyb (31 damage)
             ... with a bolt of acid
             ... on level 4 of the Dungeon.
             The game lasted 00:10:11 (436 turns).

kudzoo the Chucker (Troll Hunter)                    Turns: 436, Time: 00:10:11

Health: -16/50     AC:  0    Str: 20    XL:     5   Next: 92%
Magic:  4/4        EV: 10    Int:  7    God:
Gold:   81         SH:  0    Dex: 12    Spells: 4/4 levels left

rFire   . . .      SeeInvis .     - Unarmed
rCold   . . .      Faith    .   (no shield)
rNeg    . . .      Spirit   .   b - +0 robe
rPois   .          Reflect  .   (helmet restricted)
rElec   .          Harm     .   (no cloak)
rCorr   .          Rampage  .   (gloves unavailable)
Will    .....                   (boots unavailable)
Stlth   +.........              (no amulet)
HPRegen 0.96/turn               (no ring)
MPRegen 0.09/turn               (no ring)

@: corroded
A: large, unfitting armour, claws 3, regeneration 1, shaggy fur 1, tough skin 1
a: no special abilities


You were on level 4 of the Dungeon.
You visited 1 branch of the dungeon, and saw 4 of its levels.

You collected 81 gold pieces.

Inventory:

Hand Weapons
 a - a +0 short sword
 f - a +0 dagger
 j - a +0 hunting sling
 k - a +0 war axe
 l - a +0 flail
 m - a +0 giant spiked club
 o - a +0 giant club
Missiles
 c - 3 large rocks (quivered)
 g - 7 stones
Armour
 b - a +0 robe (worn)
 h - a +0 robe
Scrolls
 n - a scroll of identify {unknown}
Potions
 e - a potion of attraction {unknown}
 i - 2 potions of curing {unknown}


   Skills:
 * Level 2.3 Fighting
 + Level 5.2 Throwing
 + Level 2.1 Dodging
 + Level 0.5 Stealth
 * Level 2.8 Unarmed Combat


You had 4 spell levels left.
You didn't know any spells.
Your spell library was empty.

Dungeon Overview and Level Annotations

Branches:
Dungeon (4/15)
 Temple: D:4-7

Altars:

Shops:
D:4 [

Annotations:
D:3 3 runed translucent doors, DocClef's ghost, amateur GnFE
D:4 Ijyb


Innate Abilities, Weirdness & Mutations

You are too large for most types of armour.
You have claws for hands.
Your natural rate of healing is unusually fast.
You are covered in fur. (AC +1)
You have tough skin. (AC +1)


Message History

A quokka comes into view.
Found 7 gold pieces.
Found 20 gold pieces.
The quokka closely misses you.
You scratch the quokka.
The quokka is almost dead.
The quokka barely misses you.
You scratch the quokka but do no damage.
The quokka is almost dead.
The quokka bites you.
You closely miss the quokka.
The quokka is almost dead.
The quokka bites you.
You claw the quokka!
You kill the quokka!
You now have 81 gold pieces (gained 20).
Ijyb the Twisted Goblin comes into view.
She is wielding a +0 club and carrying a wand of acid (10).
Ijyb shouts!
Ijyb zaps a wand.
The bolt of acid hits you!!
Ouch! That really hurt!
The acid corrodes you!
Throw: throwing net
Press: ? - help, Q - select action, (/) - cycle Shift-Dir - straight line, f - Ijyb
Aim: Ijyb, wielding a +0 club, wearing a +0 ring mail and carrying a wand of acid (9) (57% to hit)
You throw a throwing net. The throwing net barely misses Ijyb.
Throw: 5 large rocks
Press: ? - help, Q - select action, (/) - cycle Shift-Dir - straight line, f/p - Ijyb
Aim: Ijyb, wielding a +0 club, wearing a +0 ring mail and carrying a wand of acid (9) (57% to hit)
You throw a large rock.
The large rock hits Ijyb but does no damage.
Throw: 4 large rocks
Press: ? - help, Q - select action, (/) - cycle Shift-Dir - straight line, f/p - Ijyb
Aim: Ijyb, wielding a +0 club, wearing a +0 ring mail and carrying a wand of acid (9) (57% to hit)
You throw a large rock. The large rock hits Ijyb!
Ijyb is severely wounded.
Ijyb hits you with a +0 club!
* * * LOW HITPOINT WARNING * * *
Ijyb zaps a wand.
The bolt of acid hits you!!
Ouch! That really hurt!
You die...

## #. #.# ##.#########
#..^........ #...........
#......$.... #..@.g(.(..(
##############...........
................†........
##############...........
...................
########...........
#..........# ############


You could see Ijyb.

Vanquished Creatures
  2 ogres (D:4)
  An orc priest (D:4)
  Natasha (D:4)
  A howler monkey skeleton (D:4)
  A worm (D:4)
  3 orcs (D:4)
  2 ball pythons
  An endoplasm (D:1)
  2 giant cockroaches
  A goblin (D:2)
  A hobgoblin (D:1)
  2 quokkas
  4 kobolds
  A rat (D:1)
23 creatures vanquished.

Vanquished Creatures (others)
  A plant (D:2)
1 creature vanquished.

Grand Total: 24 creatures vanquished

Notes
Turn   | Place    | Note
-------+----------+-------------------------------------------
     0 | D:1      | kudzoo the Troll Hunter began the quest for the Orb.
     0 | D:1      | Reached XP level 1. HP: 19/19 MP: 0/0
    36 | D:1      | Reached skill level 4 in Throwing
    94 | D:2      | Reached XP level 2. HP: 27/27 MP: 1/1
   140 | D:2      | Found a faded altar of an unknown god.
   189 | D:3      | Found a runed translucent gate.
   190 | D:3      | Found a runed translucent gate.
   190 | D:3      | Found a runed translucent gate.
   197 | D:3      | Noticed DocClef's ghost (amateur GnFE)
   300 | D:4      | Found Biso's Armour Emporium.
   326 | D:4      | Reached XP level 3. HP: 33/35 MP: 2/2
   330 | D:4      | Noticed an ogre
   333 | D:4      | Killed an ogre
   334 | D:4      | Reached skill level 1 in Unarmed Combat
   334 | D:4      | Reached XP level 4. HP: 37/42 MP: 3/3
   338 | D:4      | Reached XP level 5. HP: 35/49 MP: 4/4
   360 | D:4      | Noticed an ogre
   368 | D:4      | Noticed Natasha
   370 | D:4      | Killed an ogre
   371 | D:4      | Reached skill level 5 in Throwing
   377 | D:4      | Killed Natasha
   431 | D:4      | Noticed Ijyb
   436 | D:4      | Killed from afar by Ijyb

Illustrated notes

Levels and vault maps discovered:
D:1:      psy_arrival_fountain, layout_rooms
D:2:      layout_basic, shapermc_ecumenical_altar_mp_ritualfount,
          minmay_hexomino_u4, uniq_robin
D:3:      layout_loops_ring, ebering_ghost_rock_garden
D:4:      layout_basic, serial_shops, nicolae_shop_behind_doors,
          kennysheep_mini_moat, portal_sewer_entry_e, dk_noncrumbling_4,
          eino_small_chamber_without_monster, uniq_sigmund, uniq_ijyb,
          uniq_duvessa, uniq_natasha

Skill      XL: |  1  2  3  4  5 |
---------------+----------------+-----
Throwing       | 4 5 |  5.2
Fighting       | 2 |  2.3
Unarmed Combat | 1 2 |  2.8
Dodging        | 2 |  2.1
Stealth        | |  0.5

Action                   |  1- 3 |  4- 6 || total
-------------------------+-------+-------++-------
Melee: Unarmed           |    47 |    15 ||    62
Throw: Large rock        |     3 |     8 ||    11
       Throwing net      |       |     2 ||     2
Armor: Robe              |    14 |     2 ||    16
Dodge: Dodged            |    13 |     4 ||    17
